General information
- name: BNet
- type: Ladder team game (AT/RT)
- host: Battle.net
- saver: PotatoEater
map: Mur'gulOasis
- players: 8
- length: 34:45
- speed: Fast
- version: 1.26 W3XP
- replay type: Public
» download(177 KB)
Players
team 1 (loser)

»
RuthYoTeAmo (
orange | 112 APM | 1124 actions | 10:03)
3 Keeper of the Grove
2 Entangling Roots
1 Thorns Aura
1 Far Seer
1 Feral Spirit
» actions
| Assign group hotkey | 31 | |
| Basic commands | 144 | |
| Build / train | 56 | |
| Enter build submenu | 25 | |
| Enter hero's abilities submenu | 4 | |
| Remove unit from queue | 2 | |
| Right click | 263 | |
| Select / deselect | 234 | |
| Select group hotkey | 315 | |
| Use ability | 50 | |
1124 total
» units
| Wisp | 9 | |
| Peon | 7 | |
| Grunt | 3 | |
| Huntress | 5 | |
24 total
» upgrades
| Strength of the Moon | 1 | |
| Moon Armor | 1 | |
| Berserker Strength | 1 | |
3 total
» buildings
| Moon Well | 4 | |
| Altar of Elders | 1 | |
| Altar of Storms | 1 | |
| Orc Burrow | 4 | |
| Ancient of War | 2 | |
| Barracks | 1 | |
| Hunter's Hall | 1 | |
| Stronghold | 3 | |
| Tree of Ages | 2 | |
| War Mill | 1 | |
| Voodoo Lounge | 1 | |
| Beastiary | 1 | |
22 total
» build order
00:07 Moon Well
00:12 Altar of Elders
00:19 Altar of Storms
00:25 Orc Burrow
01:02 Ancient of War
01:11 Barracks
01:40 Orc Burrow
01:51 Hunter's Hall
02:04 Moon Well
02:45 Ancient of War
03:03 Moon Well
04:30 Stronghold
04:30 Stronghold
04:31 Stronghold
05:04 Moon Well
07:33 Tree of Ages
07:33 Tree of Ages
07:41 War Mill
07:42 Orc Burrow
07:47 Voodoo Lounge
08:18 Orc Burrow
08:23 Beastiary
DESTROYEROfYOU. (
teal | 100 APM | 3477 actions | 34:43)
8 Death Knight
3 Death Coil
3 Unholy Aura
1 Animate Dead
1 Death Pact
4 Lich
2 Frost Nova
1 Dark Ritual
1 Frost Armor
» actions
| Assign group hotkey | 42 | |
| Basic commands | 59 | |
| Build / train | 108 | |
| ESC pressed | 6 | |
| Enter build submenu | 35 | |
| Enter hero's abilities submenu | 12 | |
| Give item / drop item | 6 | |
| Remove unit from queue | 1 | |
| Right click | 1755 | |
| Select / deselect | 479 | |
| Select group hotkey | 847 | |
| Use ability | 127 | |
3477 total
» units
| Acolyte | 4 | |
| Ghoul | 2 | |
| Crypt Fiend | 9 | |
| Abomination | 4 | |
| Meatwagon | 6 | |
25 total
» upgrades
| Creature Attack | 3 | |
| Creature Carapace | 3 | |
| Burrow | 1 | |
| Web | 1 | |
| Unholy Armor | 5 | |
| Disease Cloud | 1 | |
| Ghoul Frenzy | 1 | |
| Unholy Strength | 3 | |
18 total
» buildings
| Graveyard | 1 | |
| Crypt | 1 | |
| Altar of Darkness | 1 | |
| Ziggurat | 13 | |
| Tomb of Relics | 1 | |
| Halls of the Dead | 2 | |
| Nerubian Tower | 7 | |
| Black Citadel | 2 | |
| Spirit Tower | 14 | |
| Slaughterhouse | 1 | |
| Ancient Protector | 9 | |
| Tree of Eternity | 1 | |
| Necropolis | 1 | |
54 total
» build order
00:22 Graveyard
00:27 Crypt
00:56 Altar of Darkness
01:14 Ziggurat
01:39 Tomb of Relics
02:18 Ziggurat
04:30 Halls of the Dead
04:56 Ziggurat
06:34 Nerubian Tower
06:43 Ziggurat
09:08 Black Citadel
10:26 Spirit Tower
10:27 Spirit Tower
10:35 Ziggurat
11:11 Ziggurat
11:30 Spirit Tower
11:31 Spirit Tower
11:31 Spirit Tower
11:57 Slaughterhouse
12:55 Nerubian Tower
12:55 Nerubian Tower
12:56 Nerubian Tower
12:58 Ziggurat
14:03 Spirit Tower
14:03 Spirit Tower
20:53 Ancient Protector
20:54 Ancient Protector
20:56 Ancient Protector
21:05 Ancient Protector
21:55 Tree of Eternity
22:00 Ancient Protector
22:01 Ancient Protector
22:02 Ancient Protector
22:04 Ancient Protector
22:06 Ancient Protector
22:24 Ziggurat
22:29 Ziggurat
22:31 Ziggurat
23:26 Spirit Tower
25:04 Ziggurat
25:06 Ziggurat
25:07 Ziggurat
25:10 Necropolis
26:14 Nerubian Tower
26:14 Spirit Tower
26:15 Spirit Tower
» items
| Rod of Necromancy | 4 | |
| Sacrificial Skull | 4 | |
| Dust of Appearance | 1 | |
| Scroll of Town Portal | 3 | |
| Periapt of Vitality | 2 | |
| Staff of Teleportation | 1 | |
| Orb of Corruption | 1 | |
| Scroll of Protection | 1 | |
17 total
Gilithos (
yellow | 41 APM | 841 actions | 20:45)
5 Keeper of the Grove
3 Entangling Roots
2 Thorns Aura
» actions
| Assign group hotkey | 12 | |
| Build / train | 45 | |
| Enter build submenu | 21 | |
| Enter hero's abilities submenu | 4 | |
| Give item / drop item | 2 | |
| Remove unit from queue | 1 | |
| Right click | 448 | |
| Select / deselect | 244 | |
| Select group hotkey | 28 | |
| Use ability | 36 | |
841 total
» units
| Wisp | 12 | |
| Peon | 1 | |
| Chimaera | 11 | |
| Archer | 1 | |
25 total
» upgrades
| Corrosive Breath | 1 | |
| Well Spring | 1 | |
| Strength of the Wild | 3 | |
| Reinforced Hides | 2 | |
7 total
» buildings
| Tree of Ages | 1 | |
| Moon Well | 8 | |
| Altar of Elders | 1 | |
| Tree of Eternity | 1 | |
| Ancient of Wind | 1 | |
| Chimaera Roost | 2 | |
| Ancient of Wonders | 1 | |
| Hunter's Hall | 1 | |
16 total
» build order
01:16 Tree of Ages
01:42 Moon Well
02:34 Altar of Elders
03:37 Tree of Eternity
04:12 Ancient of Wind
05:09 Moon Well
06:02 Chimaera Roost
06:41 Moon Well
06:59 Chimaera Roost
07:33 Moon Well
07:39 Moon Well
07:46 Ancient of Wonders
10:10 Hunter's Hall
11:15 Moon Well
11:17 Moon Well
11:18 Moon Well
» items
| Boots of Speed | 1 | |
| Staff of Teleportation | 1 | |
| Staff of Preservation | 1 | |
| Scroll of Town Portal | 1 | |
4 total
team 2 (winner)
SsasvulxemiT (
blue | 22 APM | 758 actions | 34:44)
2 Far Seer
1 Feral Spirit
1 Chain Lighting
1 Tauren Chieftain
1 War Stomp
1 Shadow Hunter
1 Healing Wave
» actions
| Assign group hotkey | 1 | |
| Basic commands | 30 | |
| Build / train | 38 | |
| Enter build submenu | 27 | |
| Enter hero's abilities submenu | 4 | |
| Right click | 373 | |
| Select / deselect | 234 | |
| Select group hotkey | 2 | |
| Use ability | 49 | |
758 total
» units
| Peon | 11 | |
| Grunt | 6 | |
| Troll Headhunter/Berserker | 1 | |
18 total
» upgrades
| Pillage | 1 | |
| Spiked Barricades | 1 | |
| Witch Doctor Training | 2 | |
| Ranged Weapons | 1 | |
| Berserker Strength | 1 | |
6 total
» buildings
| Altar of Storms | 2 | |
| Orc Burrow | 6 | |
| Barracks | 1 | |
| Voodoo Lounge | 2 | |
| War Mill | 3 | |
| Stronghold | 1 | |
| Watch Tower | 2 | |
| Spirit Lodge | 2 | |
| Fortress | 1 | |
| Beastiary | 1 | |
| Great Hall | 2 | |
23 total
» build order
00:17 Altar of Storms
00:23 Orc Burrow
00:40 Barracks
01:14 Voodoo Lounge
01:47 Orc Burrow
02:36 War Mill
04:29 Stronghold
04:44 Watch Tower
05:01 Orc Burrow
07:39 Spirit Lodge
07:49 Watch Tower
08:05 Fortress
09:13 Orc Burrow
09:31 Spirit Lodge
11:28 War Mill
11:52 Beastiary
13:38 Altar of Storms
15:37 Orc Burrow
16:22 Voodoo Lounge
19:22 Great Hall
19:59 War Mill
21:36 Orc Burrow
23:10 Great Hall
» items
| Scroll of Speed | 1 | |
| Healing Salve | 1 | |
| Lesser Clarity Potion | 1 | |
| Potion of Healing | 1 | |
| Scroll of Town Portal | 1 | |
5 total

»
SwankyTiger (
purple | 44 APM | 1243 actions | 28:19)
5 Priestess of the Moon
3 Trueshot Aura
2 Searing Arrows
» actions
| Basic commands | 35 | |
| Build / train | 54 | |
| Enter build submenu | 12 | |
| Enter hero's abilities submenu | 5 | |
| Give item / drop item | 6 | |
| Remove unit from queue | 1 | |
| Right click | 782 | |
| Select / deselect | 318 | |
| Use ability | 30 | |
1243 total
» units
» upgrades
| Strength of the Moon | 2 | |
| Moon Armor | 2 | |
| Improved Bows | 1 | |
5 total
» buildings
| Moon Well | 5 | |
| Altar of Elders | 1 | |
| Ancient of War | 3 | |
| Hunter's Hall | 1 | |
| Tree of Ages | 1 | |
| Ancient of Wonders | 2 | |
| Tree of Eternity | 1 | |
14 total
» build order
00:49 Moon Well
00:58 Moon Well
01:16 Altar of Elders
01:25 Ancient of War
01:31 Ancient of War
01:53 Ancient of War
02:27 Hunter's Hall
03:46 Moon Well
07:07 Tree of Ages
07:14 Moon Well
07:27 Ancient of Wonders
14:37 Ancient of Wonders
14:48 Tree of Eternity
14:54 Moon Well
» items
| Scroll of Town Portal | 4 | |
| Staff of Preservation | 1 | |
| Potion of Healing | 2 | |
| Orb of Lightning | 1 | |
| Tiny Great Hall | 3 | |
11 total
PotatoEater (
pink | 36 APM | 1235 actions | 34:45)
7 Blademaster
3 Wind Walk
3 Critical Strike
1 Bladestorm
» actions
| Assign group hotkey | 25 | |
| Basic commands | 109 | |
| Build / train | 52 | |
| Enter build submenu | 39 | |
| Enter hero's abilities submenu | 8 | |
| Give item / drop item | 9 | |
| Remove unit from queue | 1 | |
| Right click | 577 | |
| Select / deselect | 183 | |
| Select group hotkey | 136 | |
| Use ability | 96 | |
1235 total
» units
» upgrades
| Ranged Weapons | 3 | |
| Armor | 4 | |
| Reinforced Defenses | 1 | |
| Envenomed Spears | 1 | |
| Spiked Barricades | 1 | |
10 total
» buildings
| Orc Burrow | 4 | |
| Altar of Storms | 1 | |
| War Mill | 3 | |
| Stronghold | 1 | |
| Watch Tower | 26 | |
| Voodoo Lounge | 2 | |
| Beastiary | 3 | |
| Fortress | 1 | |
| Great Hall | 2 | |
43 total
» build order
00:09 Orc Burrow
00:50 Altar of Storms
01:09 War Mill
01:16 Orc Burrow
02:34 Stronghold
02:43 Watch Tower
02:55 Watch Tower
02:59 Voodoo Lounge
03:13 Watch Tower
03:45 Watch Tower
04:34 Orc Burrow
04:36 Orc Burrow
05:19 Beastiary
05:20 Beastiary
05:25 Beastiary
10:32 Fortress
11:26 Voodoo Lounge
11:59 Great Hall
12:01 Watch Tower
12:01 Watch Tower
12:02 Watch Tower
12:04 Watch Tower
12:05 Watch Tower
12:05 Watch Tower
12:52 Watch Tower
14:54 War Mill
14:58 Watch Tower
14:59 Watch Tower
15:00 Watch Tower
15:02 Watch Tower
18:14 Great Hall
18:17 Watch Tower
18:17 Watch Tower
18:18 Watch Tower
18:18 Watch Tower
20:46 Watch Tower
20:46 Watch Tower
20:48 Watch Tower
21:58 Watch Tower
21:59 Watch Tower
22:01 Watch Tower
24:16 War Mill
» items
| Healing Salve | 7 | |
| Orb of Lightning | 1 | |
| Staff of Teleportation | 1 | |
| Periapt of Vitality | 1 | |
| Scroll of Town Portal | 1 | |
11 total
Marsblue7 (
green | 24 APM | 836 actions | 34:44)
6 Demon Hunter
3 Immolation
2 Evasion
1 Metamorphosis
1 Priestess of the Moon
1 Trueshot Aura
» actions
| Basic commands | 12 | |
| Build / train | 67 | |
| Enter build submenu | 21 | |
| Enter hero's abilities submenu | 7 | |
| Remove unit from queue | 2 | |
| Right click | 375 | |
| Select / deselect | 301 | |
| Use ability | 51 | |
836 total
» units
| Wisp | 17 | |
| Archer | 6 | |
| Huntress | 4 | |
| Dryad | 6 | |
| Hippogryph | 10 | |
43 total
» upgrades
| Strength of the Wild | 2 | |
| Reinforced Hides | 1 | |
| Abolish Magic | 1 | |
4 total
» buildings
| Moon Well | 8 | |
| Altar of Elders | 1 | |
| Ancient of War | 1 | |
| Hunter's Hall | 2 | |
| Ancient Protector | 3 | |
| Tree of Ages | 1 | |
| Tree of Eternity | 1 | |
| Ancient of Lore | 2 | |
| Ancient of Wind | 1 | |
| Ancient of Wonders | 1 | |
| Tree of Life | 1 | |
22 total
» build order
00:31 Moon Well
00:38 Altar of Elders
00:55 Ancient of War
01:50 Moon Well
02:36 Hunter's Hall
02:55 Moon Well
04:14 Ancient Protector
04:20 Ancient Protector
04:27 Ancient Protector
06:13 Tree of Ages
07:25 Moon Well
08:01 Moon Well
09:15 Tree of Eternity
09:24 Moon Well
10:25 Ancient of Lore
10:28 Ancient of Lore
10:37 Ancient of Wind
11:20 Moon Well
11:23 Moon Well
12:03 Ancient of Wonders
18:59 Hunter's Hall
24:32 Tree of Life
» items
| Scroll of Town Portal | 3 | |
| Potion of Healing | 2 | |
| Orb of Venom | 1 | |
| Orb of Lightning | 1 | |
7 total
Chat log
(00:19 / All) Marsblue7: waited 5 mins ......
(00:27 / Allies) SwankyTiger: they prob rush
(00:31 / All) DESTROYEROfYOU.: Fucking leaver fags
(00:34 / All) DESTROYEROfYOU.: I just want some good games
(00:38 / All) SwankyTiger: me too
(00:43 / All) Gilithos: whats the point of joining and leaving? this qz guy did it last game too
(00:51 / All) Gilithos: can someone be that much of a loser?
(00:53 / All) DESTROYEROfYOU.: yeah, he was in my last game
(00:54 / All) DESTROYEROfYOU.: on dragon falls
(01:03 / All) DESTROYEROfYOU.: had to instant leave since like 4 players left at the start
(01:12 / All) DESTROYEROfYOU.: and I want to play 4v4 not 2v2
(01:49 / Allies) SwankyTiger: potm mass archers
(03:03 / All) Marsblue7: euro servers are better
(03:11 / All) Marsblue7: and its full of noobs
(03:24 / All) Marsblue7: my win percentage is 70%
(03:39 / All) PotatoEater: I am sooooo impressed
(04:05 / All) Marsblue7: but in usa server my win percentage is 40% like wtf
(05:40 / All) Marsblue7: lol they teched
(06:06 / Allies) Marsblue7: coming smh
(06:29 / All) Marsblue7: why did u tech so early
(06:34 / Allies) SwankyTiger: blue ur awful,,
(06:39 / All) Marsblue7: u know they was gonna rush
(06:46 / Allies) SsasvulxemiT: and your squelched
(06:49 / All) Marsblue7: amd your on the outside
(06:51 / All) DESTROYEROfYOU.: we didn't rush, we countered blue's shitty attack lol
(06:55 / All) DESTROYEROfYOU.: he lost 2 grunts and a far seer for free
(06:56 / All) Marsblue7: lol
(07:01 / All) SwankyTiger: blue is garbage...
(07:04 / Allies) SsasvulxemiT: go fuck yourselves
(07:05 / All) Marsblue7: lol
(07:10 / All) Marsblue7: noob
(07:26 / Allies) SsasvulxemiT: stop it your making my dick hard
(07:56 / Allies) SsasvulxemiT: wood
(08:01 / Allies) SwankyTiger: no
(08:07 / Allies) Marsblue7: lol
(08:58 / All) Marsblue7: lol
(09:07 / Allies) SsasvulxemiT: ok, i am sorry you guys r cunts
(09:27 / All) Marsblue7: lol blue
(09:53 / All) Marsblue7: chims already
(09:57 / All) Marsblue7: nice
(10:18 / All) DESTROYEROfYOU.: he said some unintelligible gibberish then left
(10:31 / All) SwankyTiger: hes still better than blue
(10:32 / All) Marsblue7: they all do lol
(10:53 / All) SsasvulxemiT: lol gg yellow
(11:54 / Allies) Marsblue7: pay taxes?
(12:40 / All) Marsblue7: yellow
(12:50 / All) Marsblue7: no homo i like u
(12:58 / All) Gilithos: :)
(13:01 / All) SsasvulxemiT: lol u dumbaasses are all as bad as each other
(14:12 / All) Marsblue7: come on yellow why
(14:18 / All) Marsblue7: u waisted chims
(14:19 / All) Gilithos: its over anyways lol
(14:23 / Allies) SsasvulxemiT: wood
(14:36 / All) Marsblue7: i told you early 70%
(15:37 / All) Marsblue7: creep more pink
(15:42 / Allies) PotatoEater: k
(15:45 / All) Marsblue7: lol
(16:19 / Allies) SwankyTiger: nice blue
(16:22 / Allies) SwankyTiger: you made three heroes
(16:32 / Allies) SsasvulxemiT: you know why??
(16:41 / Allies) SsasvulxemiT: CAUSE THEY DONT COST ANY FUCKING WOOD
(16:54 / All) SsasvulxemiT: tongue my ass
(17:06 / All) DESTROYEROfYOU.: Green thinks he's way better than he is lol
(17:07 / All) Marsblue7: gay af
(17:10 / All) DESTROYEROfYOU.: cuz he's apparently 70% in a dead game
(17:20 / All) Marsblue7: lol teal
(17:39 / All) Marsblue7: teal i never said i was good tho
(17:41 / Allies) SsasvulxemiT: wood
(17:46 / All) DESTROYEROfYOU.: you act like it
(17:48 / All) Marsblue7: its easy to win
(17:58 / All) DESTROYEROfYOU.: yeah it is when playing against scrubs who think they are hot shit like you
(18:12 / All) Marsblue7: im not hot shit im awful 1vs1
(18:17 / All) SsasvulxemiT: is that why ur playing so shit?
(18:42 / Allies) Marsblue7: stuck ?
(18:58 / Allies) SsasvulxemiT: gosh ya think?
(19:02 / Allies) Marsblue7: lol
(19:32 / All) Marsblue7: fight teal
(19:44 / All) DESTROYEROfYOU.: Think I'm gonna only fight fights I'll win
(19:50 / Allies) SsasvulxemiT: wood
(19:55 / All) Marsblue7: u see thats smart teal
(20:03 / All) Marsblue7: thats how u win games
(20:16 / All) SsasvulxemiT: its about time he figured out how
(20:29 / All) DESTROYEROfYOU.: haha blue you're trash
(20:33 / All) Marsblue7: lol
(20:39 / All) Marsblue7: i concur with teal
(20:40 / All) DESTROYEROfYOU.: your own team agrees LOL
(20:42 / All) Gilithos: gg
(20:48 / All) SsasvulxemiT: and your trash with gash
(21:04 / Allies) SwankyTiger: gold me pink
(21:18 / All) SsasvulxemiT: gold him nnoob
(21:44 / Allies) PotatoEater: you calling me names blue?
(21:56 / All) Marsblue7: lol blue is funny af
(22:04 / Allies) SwankyTiger: no not my sacred grove
(22:08 / All) SsasvulxemiT: oh i thought that was his name
(22:24 / All) SsasvulxemiT: like calling everyone darling
(22:38 / All) SsasvulxemiT: like keep sucking my dick darling
(23:11 / Allies) SsasvulxemiT: wood
(23:33 / Allies) SsasvulxemiT: lol someones alittle miffed
(23:34 / All) Marsblue7: lmaoooooo
(23:35 / Allies) SwankyTiger: nice blue
(23:56 / Allies) SsasvulxemiT: poor guys bleeding out of his uterus
(24:05 / Allies) PotatoEater: leave, useless
(24:10 / All) SsasvulxemiT: sand in your tampon?
(24:17 / Allies) PotatoEater: dead?
(24:18 / Allies) SwankyTiger: gold blue
(24:29 / Allies) SsasvulxemiT: fuck u i get a free win you stupid cunt
(24:35 / Allies) PotatoEater: you need it
(24:37 / Allies) SsasvulxemiT: lick my balls
(24:40 / Allies) SwankyTiger: im just gonna guard pink's expo
(24:48 / Allies) PotatoEater: 116-120 lol
(24:51 / Allies) PotatoEater: scrub
(24:54 / All) SsasvulxemiT: you need your dad to take his dick outta your ass
(25:05 / Allies) PotatoEater: having gay fantasies?
(25:10 / Allies) PotatoEater: about your betters?
(25:12 / Allies) SwankyTiger: which xpo should i guard north or south?
(25:12 / All) Marsblue7: lol
(25:21 / All) SsasvulxemiT: only about your super juicy smelly vagina
(25:45 / All) SsasvulxemiT: tell me when ur finished losers
(25:47 / Allies) SwankyTiger: nah thats too far
(26:16 / All) SsasvulxemiT: wood
(27:06 / All) SsasvulxemiT: hey teal why are u still here? Are you as braindead stupid as pink?
(27:15 / All) DESTROYEROfYOU.: lol
(27:22 / All) SwankyTiger: Oh purp your so cool
(27:23 / All) DESTROYEROfYOU.: you are one of the most braindead players I've ever seen
(27:24 / All) SwankyTiger: oh thanks man
(27:27 / All) SwankyTiger: i appreciate it
(27:39 / All) SsasvulxemiT: dumbass masses wyvs and thinks hes king of the world
(27:57 / All) Marsblue7: he rape u tho
(28:17 / All) Marsblue7: pink wtf?
(28:18 / All) SsasvulxemiT: lol teal I seen you play and u got no fucking idea
(28:23 / All) Marsblue7: why?
(28:28 / All) SsasvulxemiT: typical fucking ud noob
(28:35 / All) DESTROYEROfYOU.: lol
(28:37 / All) PotatoEater: I AM THE GREAT TRAITOR
(28:42 / All) PotatoEater: THERE CAN BE NONE GREATER
(28:42 / All) DESTROYEROfYOU.: I raped you blue
(29:17 / All) Marsblue7: lol pink
(29:20 / All) DESTROYEROfYOU.: out
(29:20 / All) SsasvulxemiT: yeah all by yourself u big dumbass
(29:53 / All) Marsblue7: its up to u pink
(30:08 / All) Marsblue7: since u betrayed me
(30:13 / All) DESTROYEROfYOU.: from where you're kneeling it must look like an 18 karat run of bad luck
(30:15 / All) SsasvulxemiT: LOL pinks fucking shit
(30:17 / All) DESTROYEROfYOU.: but the truth is
(30:20 / All) DESTROYEROfYOU.: the game was rigged from the start
(30:30 / All) SsasvulxemiT: pink still needs his daddy to wipe his ass
(30:45 / All) SsasvulxemiT: CRY MORE CRY MORE CRY MORE
(30:50 / All) Marsblue7: teal did u tell pink to do this bs?
(30:54 / All) DESTROYEROfYOU.: LOL
(30:56 / All) DESTROYEROfYOU.: ITS CRY MORE
(31:01 / All) Marsblue7: lol
(31:06 / All) DESTROYEROfYOU.: LOL
(31:07 / All) PotatoEater: CRY MORE CRY MORE CRY MORE
(31:10 / All) PotatoEater: biggest noob in the game
(31:14 / All) DESTROYEROfYOU.: QQ QQ QQ QQ QQ
(31:15 / All) SsasvulxemiT: CRY MOAR CRY MOAR CRY MOAR
(31:23 / All) Marsblue7: cold hearted mofos lol
(31:29 / Allies) SsasvulxemiT: CRY MOAR CRY MOAR CRY MOAR
(31:48 / All) SsasvulxemiT: CYA NOOB CUNTS
(31:52 / All) DESTROYEROfYOU.: lol
(31:53 / All) DESTROYEROfYOU.: CRY MORE
(31:56 / All) Marsblue7: so who is gonna win?
(32:01 / All) PotatoEater: his taem left
(32:22 / All) PotatoEater: if blue leaves, then we'll let you get the tie if you leave too
(32:47 / All) Marsblue7: nah if u leave it counts as a loss ....
(32:59 / All) PotatoEater: if you leave and I win it's a tie for you
(32:59 / All) Marsblue7: pink wth
(33:02 / All) PotatoEater: you don't get the loss
(33:09 / All) Marsblue7: nah
(33:12 / All) PotatoEater: yah
(33:12 / All) Marsblue7: we lose
(33:14 / All) PotatoEater: that's how it works
(33:20 / All) Marsblue7: nah
(33:32 / All) Marsblue7: i read the manual lol
(33:42 / All) PotatoEater: Yes that is how it works
(33:47 / All) PotatoEater: if you leave game or drop and your team wins you get a tie
(33:48 / All) Marsblue7: and pink imma remember your name
(33:52 / All) Marsblue7: :)
(33:53 / All) PotatoEater: you get neither a win nor a loss
(33:57 / All) DESTROYEROfYOU.: so not sure why you are
(34:07 / All) Marsblue7: teal gg
(34:15 / All) Marsblue7: u 2 pink gg
(34:21 / All) PotatoEater: CRY MORE CRY MORE CRY MORE CRY MORE
(34:22 / All) Marsblue7: blue eat a dick
(34:29 / All) DESTROYEROfYOU.: lawl
(34:31 / All) PotatoEater: cry more should slit wrists
(34:35 / All) PotatoEater: to kill himself immediately
(34:41 / All) PotatoEater: gg